 Dungeon Crawl Stone Soup version 0.27-a0-1565-gad902ab807 (webtiles) character file.

Game seed: 201832367120612399

18297 flotson the Fighter (level 12, -2/108 HPs)
             Began as a Purple Draconian Delver on July 16, 2021.
             Was an Initiate of Gozag.
             Slain by a seven-headed hydra (11 damage)
             ... on level 4 of the Lair of Beasts.
             The game lasted 00:38:01 (19177 turns).

flotson the Fighter (Purple Draconian Delver)      Turns: 19177, Time: 00:38:03

Health: -2/108     AC: 20    Str: 19    XL:     12   Next: 26%
Magic:  0/12       EV: 18    Int: 12    God:    Gozag
Gold:   1912       SH: 11    Dex: 24    Spells: 11/11 levels left

rFire    . . .     SeeInvis .   c - +0 flail (protect)
rCold    . . .     Faith    .   E - +0 kite shield
rNeg     . . .     Spirit   +   (armour unavailable)
rPois    .         Reflect  .   M - +2 hat
rElec    .         Harm     .   (no cloak)
rCorr    .         Rampage  .   j - +1 pair of gloves
Will     +....                  q - +0 pair of boots
Stlth    +++.......             g - amulet of guardian spirit
HPRegen  0.28/turn              H - +6 ring of dexterity
MPRegen  0.13/turn              u - +6 ring of dexterity

@: under a protective aura, hasted, very quick
A: breathe power, AC +8, unfitting armour, cold-blooded
a: Breathe Dispelling Energy, Renounce Religion, Potion Petition, Call Merchant,
Bribe Branch


You were on level 4 of the Lair of Beasts.
You worshipped Gozag.
Gozag was most pleased with you.
You visited 3 branches of the dungeon, and saw 15 of its levels.
You also visited: Ossuary.

You collected 2215 gold pieces.
You spent 175 gold pieces at shops.
You paid 128 gold pieces to Gozag.

Inventory:

Hand Weapons
 a - the +8 hand axe "Siplymp" {elec, rElec rC+ Int+4}
   (You found it on level 1 of the Lair of Beasts)

   It occasionally discharges a powerful burst of electricity upon striking a
   foe.
   Int:       It affects your intelligence (+4).
   rC:        It protects you from cold.
   rElec:     It insulates you from electricity.
 b - a +4 spear of freezing
 c - a +0 flail of protection (weapon)
 v - a +1 antimagic war axe
 L - a +2 vampiric whip
Missiles
 w - 6 javelins
 F - 4 datura-tipped darts
 G - 73 poisoned darts
 P - 4 atropa-tipped darts (quivered)
Armour
 j - a +1 pair of gloves (worn)
 q - a +0 pair of boots (worn)
 E - a +0 kite shield (worn)
 M - a +2 hat (worn)
Jewellery
 g - an amulet of guardian spirit (around neck)
 o - a ring of flight
 u - a +6 ring of dexterity (right hand)
 H - a +6 ring of dexterity (left hand)
Wands
 f - a wand of digging (4)
 B - a wand of paralysis (5)
Scrolls
 e - 4 scrolls of magic mapping
 l - a scroll of acquirement {unknown}
 m - a scroll of teleportation
 n - 4 scrolls of enchant armour
 s - a scroll of brand weapon {unknown}
 y - 2 scrolls of enchant weapon {unknown}
 A - 2 scrolls of holy word {unknown}
 D - a scroll of silence {unknown}
 I - 3 scrolls of fog
 O - a scroll of torment {unknown}
Potions
 d - 4 potions of flight
 h - 3 potions of lignification
 i - a potion of cancellation
 k - a potion of might {unknown}
 p - 8 potions of curing
 x - a potion of attraction
 C - a potion of magic {unknown}
 K - a potion of ambrosia {unknown}
 N - a potion of brilliance {unknown}


   Skills:
 + Level 10.6 Fighting
 + Level 9.6 Axes
 + Level 5.3 Throwing
 + Level 8.8 Dodging
 - Level 4.5 Stealth
 + Level 6.1 Shields
 + Level 10.1 Evocations


You had 11 spell levels left.
You didn't know any spells.
Your spell library contained the following spells:

 Spells                   Type           Power      Damage    Failure   Level
 Call Canine Familiar     Summ           0%         N/A       97%         3
 Ignite Poison            Fire/Tmut/Pois 0%         N/A       97%         3
 Mephitic Cloud           Conj/Pois/Air  0%         N/A       97%         3
 Portal Projectile        Hex/Tloc       0%         N/A       97%         3
 Summon Guardian Golem    Hex/Summ       0%         N/A       97%         3
 Airstrike                Air            0%         N/A       100%        4
 Leda's Liquefaction      Hex/Erth       0%         N/A       100%        4
 Summon Lightning Spire   Summ/Air       0%         N/A       100%        4
 Bolt of Magma            Conj/Fire/Erth 0%         4d4       100%        5
 Iskenderun's Battlesphe  Conj           0%         2d6       100%        5
 Lightning Bolt           Conj/Air       0%         1d11      100%        5
 Summon Forest            Summ/Tloc      0%         N/A       100%        5
 Eringya's Noxious Bog    Tmut/Pois      0%         N/A       100%        6
 Iron Shot                Conj/Erth      0%         9d1       100%        6
 Orb of Destruction       Conj           0%         N/A       100%        7
 Spellforged Servitor     Conj/Summ      0%         N/A       100%        7
 Storm Form               Tmut/Air       0%         N/A       100%        7
 Summon Hydra             Summ           0%         N/A       100%        7
 Borgnjor's Revivificati  Necr           0%         N/A       100%        8
 Maxwell's Capacitive Co  Air            0%         ∞         100%        8
 Necromutation            Tmut/Necr      0%         N/A       100%        8
 Death's Door             Necr           0%         N/A       100%        9


Dungeon Overview and Level Annotations

Branches:
Dungeon (10/15)            Temple (1/1) D:7            Lair (4/6) D:9
  Swamp (0/4) Lair:3        Snake (0/4) Lair:3          Orc (0/2) D:9
Ossuary (visited)

Altars:
Ashenzari
Fedhas
Gozag
Kikubaaqudgha
Wu Jian
Yredelemnul

Shops:
D:2 (   D:4 **   D:5 [

Annotations:
D:7 1 runed translucent door, Nausicaa's ghost, novice TrMo
D:9 3 runed translucent doors, CowFu's ghost, novice GnWn


Innate Abilities, Weirdness & Mutations

You can breathe bolts of dispelling energy.
Your rich purple scales are hard. (AC +8)
You cannot fit into any form of body armour.
You are cold-blooded and may be slowed by cold attacks.


Message History

The seven-headed hydra is severely wounded.
The seven-headed hydra bites you but does no damage.
The seven-headed hydra bites you! The seven-headed hydra misses you.
The seven-headed hydra closely misses you.
The seven-headed hydra bites you.
You block the seven-headed hydra's attack.
The seven-headed hydra misses you.
Okay, then.
You sock the seven-headed hydra!
The seven-headed hydra is almost dead.
You block the seven-headed hydra's attack.
The seven-headed hydra bites you!
* * * LOW HITPOINT WARNING * * *
The seven-headed hydra barely misses you.
You block the seven-headed hydra's attack.
The seven-headed hydra completely misses you.
The seven-headed hydra bites you but does no damage. x2
The seven-headed hydra bites you!
* * * LOW HITPOINT WARNING * * *
The seven-headed hydra bites you but does no damage.
You block the seven-headed hydra's attack.
The seven-headed hydra bites you.
* * * LOW HITPOINT WARNING * * *
The seven-headed hydra misses you.
The seven-headed hydra barely misses you.
The seven-headed hydra bites you!
* * * LOW HITPOINT WARNING * * *
Okay, then.
Unknown command.
Unknown command.
Okay, then.
Unknown command.
You feel yourself speed up.
You block the seven-headed hydra's attack.
The seven-headed hydra misses you. The seven-headed hydra bites you.
* * * LOW HITPOINT WARNING * * *
The seven-headed hydra bites you but does no damage.
The seven-headed hydra bites you!
You die...
Your body crumbles into a pile of gold.

.PP............$##..
##......
..#.............#..
#.......
.................#
##....).
.................#
##.....
...........$....##
#.####
#..............Y##
#. ######
#.............YYF#
#.. #####..
.............YYD##
#...###.PPP..
..#..........##@#
#..#........
...........#####
#..........
.#......P### ##.#
##.......... $
####..###
#...##P...>......
###
.....###.#......(
.....(...#P......
......#..........
.................
........P###.....


You could see a seven-headed hydra and 5 yaks.

Vanquished Creatures
  Erolcha (D:9)
  5 hydras
  A two-headed ogre (D:10)
  Urug (Lair:3)
  3 black mambas
  Joseph (D:9)
  4 cane toads
  Maggie (D:7)
  An unseen horror (D:5)
  A polar bear (Lair:4)
  4 blink frogs (Lair:3)
  2 tyrant leeches (Lair:3)
  Prince Ribbit (Lair:3)
  2 wraiths
  10 yaks
  A steam dragon (D:8)
  2 wyverns
  A basilisk (Lair:3)
  A vampire mosquito (D:6)
  Menkaure (D:4)
  A swamp worm (Lair:3)
  3 nagas (Lair:3)
  7 water moccasins
  An acid dragon (D:10)
  2 orc warriors
  A sky beast (D:5)
  A black bear (D:3)
  A hornet zombie (D:6)
  A necrophage (D:7)
  3 ogres (D:6)
  6 wolves
  2 centaurs
  2 scorpions
  7 bullfrogs
  A wyvern zombie (D:9)
  A water moccasin skeleton (D:6)
  10 killer bees
  12 wights
  2 howler monkeys
  An electric eel (D:10)
  2 bullfrog zombies (D:6)
  4 centaur zombies
  3 human zombies (Ossuary)
  5 orc priests
  An iguana (D:4)
  A gnoll shaman (D:9)
  A bullfrog skeleton (D:6)
  Jessica (D:3)
  Natasha (D:2)
  7 orc wizards
  2 killer bee zombies
  A hound skeleton (D:5)
  4 mummies (Ossuary)
  2 howler monkey zombies (D:6)
  7 adders
  7 gnolls
  2 shadow imps
  2 ufetubi
  3 dart slugs
  18 orcs
  9 ball pythons
  5 endoplasms
  3 giant cockroaches
  5 goblins
  7 hobgoblins
  2 jackals (D:4)
  3 kobolds
  2 quokkas
  4 bats
  2 frilled lizards
  2 gnoll zombies (Ossuary)
  A goblin zombie (Ossuary)
  A hobgoblin zombie (Ossuary)
  2 jackal zombies
  A kobold zombie (Ossuary)
  4 rats
  3 rat zombies (Ossuary)
239 creatures vanquished.

Vanquished Creatures (collateral kills)
  5 yaks
  An orc (D:9)
6 creatures vanquished.

Vanquished Creatures (others)
  2 yaks
  10 fungi
  13 plants
25 creatures vanquished.

Grand Total: 270 creatures vanquished

Notes
Turn   | Place    | Note
-------+----------+-------------------------------------------
     0 | D:5      | flotson the Draconian Delver began the quest for the Orb.
     0 | D:5      | Reached XP level 1. HP: 19/19 MP: 1/1
    23 | D:5      | Reached XP level 2. HP: 10/26 MP: 2/2
   306 | D:4      | Noticed a black bear
   309 | D:4      | Reached skill level 1 in Evocations
   444 | D:4      | Reached XP level 3. HP: 33/33 MP: 3/3
   540 | D:4      | Found Siubydd's General Store.
  1207 | D:2      | Found Vaok's Antique Weapon Boutique.
  1224 | D:2      | Noticed Natasha
  1241 | D:2      | Killed Natasha
  1242 | D:2      | Reached XP level 4. HP: 26/40 MP: 2/4
  2490 | D:1      | Found a faded altar of an unknown god.
  2729 | D:3      | Reached XP level 5. HP: 37/46 MP: 5/5
  2834 | D:3      | Found a broken altar of Ashenzari.
  2838 | D:3      | Saw a vision of the Swamp and the Snake Pit.
  2838 | D:3      | Noticed a swamp drake
  2838 | D:3      | Noticed a mana viper
  2838 | D:3      | Noticed a black mamba
  2838 | D:3      | Noticed a black mamba
  2838 | D:3      | Noticed a naga sharpshooter
  2838 | D:3      | Noticed a vampire mosquito
  2838 | D:3      | Noticed a vampire mosquito
  2853 | D:3      | Noticed an anaconda
  2853 | D:3      | Noticed a black mamba
  2854 | D:3      | Noticed a naga
  2934 | D:3      | Noticed Jessica
  2941 | D:3      | Killed Jessica
  3227 | D:3      | Killed a black bear
  3228 | D:3      | Reached XP level 6. HP: 19/53 MP: 2/6
  3460 | D:4      | Found Ciagir's Neck Hole.
  3512 | D:4      | Noticed a water moccasin
  3530 | D:4      | Killed a water moccasin
  3531 | D:4      | Reached skill level 5 in Fighting
  3984 | D:4      | Noticed Menkaure
  3993 | D:4      | Killed Menkaure
  3994 | D:4      | Your scales start taking on a rich purple colour.
  3994 | D:4      | Reached XP level 7. HP: 22/61 MP: 2/7
  4484 | D:5      | Found Qutwysy's Antique Armour Shop.
  4494 | D:5      | Bought an embroidered hat for 175 gold pieces
  4941 | D:6      | Reached skill level 5 in Axes
  4951 | D:6      | Reached XP level 8. HP: 42/70 MP: 8/8
  4954 | D:6      | Reached skill level 5 in Evocations
  5040 | D:6      | Found a basalt altar of Yredelemnul.
  5482 | D:6      | Reached skill level 5 in Dodging
  6286 | D:6      | Identified the +8 plate armour "Naus Opn" {rCorr}
  6592 | D:7      | Found a staircase to the Ecumenical Temple.
  6601 | Temple   | Entered the Ecumenical Temple
  6606 | Temple   | Became a worshipper of Gozag Ym Sagoz the Greedy
  6644 | Temple   | Reached XP level 9. HP: 79/79 MP: 9/9
  6986 | D:7      | Noticed Maggie
  6989 | D:7      | Killed Maggie
  7074 | D:7      | Found a runed translucent door.
  7075 | D:7      | Noticed Nausicaa's ghost (novice TrMo)
  7115 | D:7      | Found a sand-covered staircase.
  7127 | Ossuary  | Entered an ossuary
  9015 | D:5      | Killed an unseen horror
  9672 | D:8      | Reached skill level 1 in Shields
  9677 | D:8      | Reached XP level 10. HP: 90/90 MP: 10/10
  9865 | D:8      | Reached skill level 1 in Throwing
 10911 | D:9      | Found a staircase to the Lair.
 10986 | D:9      | Noticed Erolcha
 11003 | D:9      | Killed Erolcha
 11062 | D:9      | Found a staircase to the Orcish Mines.
 11454 | D:9      | Found a runed translucent gate.
 11454 | D:9      | Found a runed translucent gate.
 11456 | D:9      | Found a runed translucent gate.
 11456 | D:9      | Noticed CowFu's ghost (novice GnWn)
 11497 | D:9      | Noticed Joseph
 11517 | D:9      | Killed Joseph
 11886 | D:10     | Entered Level 10 of the Dungeon
 12316 | D:10     | Noticed a two-headed ogre
 12323 | D:10     | Killed a two-headed ogre
 12324 | D:10     | Reached XP level 11. HP: 72/97 MP: 6/11
 13503 | Lair:1   | Entered Level 1 of the Lair of Beasts
 13567 | Lair:1   | Noticed a five-headed hydra
 13578 | Lair:1   | Killed a five-headed hydra
 13708 | Lair:1   | Noticed a seven-headed hydra
 13720 | Lair:1   | Killed a seven-headed hydra
 13971 | Lair:1   | Identified the +8 hand axe "Siplymp" {elec, rElec rC+
                  | Int+4}
 14389 | Lair:1   | Noticed a seven-headed hydra
 14410 | Lair:1   | Killed a seven-headed hydra
 16133 | Lair:3   | Noticed a seven-headed hydra
 16521 | Lair:3   | Reached skill level 10 in Fighting
 16521 | Lair:3   | Reached skill level 5 in Shields
 16669 | Lair:3   | Noticed Urug
 16679 | Lair:3   | Killed Urug
 17420 | Lair:3   | Noticed Prince Ribbit
 17434 | Lair:3   | Killed Prince Ribbit
 17573 | Lair:3   | Found a staircase to the Swamp.
 17721 | Lair:3   | Found a staircase to the Snake Pit.
 17790 | Lair:3   | Reached XP level 12. HP: 102/107 MP: 12/12
 18095 | Lair:4   | Reached skill level 5 in Throwing
 18146 | Lair:4   | Noticed a death yak
 18148 | Lair:4   | Noticed a death yak
 18460 | Lair:4   | Noticed a five-headed hydra
 18467 | Lair:4   | Noticed a four-headed hydra
 18501 | Lair:3   | Killed a four-headed hydra
 18517 | Lair:3   | Killed a five-headed hydra
 18518 | Lair:3   | Reached skill level 10 in Evocations
 19144 | Lair:4   | Noticed a seven-headed hydra
 19177 | Lair:4   | Slain by a seven-headed hydra

Illustrated notes

Levels and vault maps discovered:
D:1:      dpeg_arrival_rooms_b, layout_basic,
          hellmonk_ecumenical_altar_inner_sanctum
D:2:      layout_basic, serial_shops, nicolae_shop_statue_plus, uniq_natasha
D:3:      layout_basic, grunt_ashenzari_visionary
          [grunt_ashenzari_visionary_swamp, grunt_ashenzari_visionary_snake],
          uniq_jessica
D:4:      layout_basic, serial_shops, shop_statue,
          nicolae_shop_sticking_my_neck_out, uniq_menkaure
D:5:      layout_basic, serial_shops, shop
D:6:      layout_loops_corners, nicolae_yredelemnul_corpse_copse, serial_glass,
          glass_columns_b, glass_columns_c, glass_columns_a, glass_columns_a,
          glass_columns_b, glass_columns_c, glass_columns_a, glass_columns_a,
          minmay_three_doors
D:7:      layout_rooms, minmay_temple_entry_junction, enter_ossuary_3,
          ebering_ghost_reflecting_pool, uniq_maggie
D:8:      layout_loops_cross
D:9:      layout_loops_ring, dpeg_oklobed_lair, orc_0_dummy,
          gammafunk_ghost_nasty_kobolds, uniq_joseph, uniq_erolcha
D:10:     layout_layer_cave, fountainhead, kennysheep_big_empty_room
Temple:   regret_index_temple_chain_breaker
Lair:1:   layout_layer_cave
Lair:2:   layout_cave_shapes, infiniplex_staircase_pool
Lair:3:   layout_roguey, minmay_swamp_entry_worms, guppyfry_snake_entry_island,
          uniq_urug, uniq_prince_ribbit2
Lair:4:   layout_cave_pods

Skill      XL: |  1  2  3  4  5  6  7  8  9 10 11 12 |
---------------+-------------------------------------+-----
Dodging        | 2 3 4 5 6 7 8 |  8.8
Evocations     | 1 2 3 4 6 7 8 9 10 | 10.1
Fighting       | 4 5 6 7 8 9 10 | 10.6
Axes           | 3 4 5 6 7 8 9 |  9.6
Shields        | 1 3 5 6 |  6.1
Throwing       | 3 4 5 |  5.3
Stealth        | |  4.5

Action                   |  1- 3 |  4- 6 |  7- 9 | 10-12 || total
-------------------------+-------+-------+-------+-------++-------
Melee: Hand axe          |    11 |     3 |       |   184 ||   198
       Tailslap          |     5 |    18 |    80 |   132 ||   235
       Flail             |    65 |    97 |   421 |   241 ||   824
       Club              |       |    14 |       |       ||    14
       Spear             |       |       |       |   134 ||   134
       War axe           |       |       |       |     6 ||     6
Throw: Dart              |       |       |       |    33 ||    33
 Abil: Breathe Dispellin |       |       |    13 |       ||    13
Evoke: Wand              |     1 |     6 |    16 |    22 ||    45
  Use: Potion            |     1 |       |     3 |     5 ||     9
       Scroll            |     1 |       |     9 |     3 ||    13
 Stab: Sleeping          |     5 |    10 |     6 |    10 ||    31
       Distracted        |       |     1 |     2 |     7 ||    10
       Paralysed         |       |       |       |    18 ||    18
Armor: Skin              |    33 |    58 |   263 |   195 ||   549
Dodge: Dodged            |    58 |    84 |   438 |   366 ||   946
Block: Kite shield       |       |       |     4 |   362 ||   366

Table legend: (Time is in decaauts)
 A = Elapsed time spent in this place.
 B = Non-inter-level travel time spent in this place.
 C = Inter-level travel time spent in this place.
 D = Time resting spent in this place.
 E = Time spent auto-exploring this place.
 F = Levels seen in this place.
 G = Mean time per level.
                   A        B        C        D        E       F      G
               +--------+--------+--------+--------+--------+-----+--------+
         Total |  19463 |  18443 |   1020 |    727 |  14532 |  16 | 1216.4 |
       Dungeon |  13371 |  12601 |    770 |    388 |   9953 |  10 | 1337.1 |
        Temple |     39 |     34 |      5 |      0 |      0 |   1 |   39.0 |
          Lair |   5705 |   5461 |    244 |    339 |   4376 |   4 | 1426.2 |
       Ossuary |    347 |    347 |      0 |      0 |    203 |   1 |  347.0 |
               +--------+--------+--------+--------+--------+-----+--------+

Top non-repeatable levels by time:
  Lair:1: 2366 daAuts
  Lair:3: 2164 daAuts
     D:6: 1893 daAuts
     D:9: 1681 daAuts
    D:10: 1594 daAuts
     D:8: 1407 daAuts
     D:7: 1398 daAuts
     D:4: 1262 daAuts
     D:5: 1216 daAuts
     D:2: 1174 daAuts
     D:1: 873 daAuts
     D:3: 869 daAuts
  Lair:2: 834 daAuts
 Ossuary: 347 daAuts
  Lair:4: 340 daAuts
